Cogmind - Beta 13 @@@ ROGUE MODE // 2024.04.11 @ 01:46:53 Player: Zaros426 Result: Destroyed by 5V-X1P(R) with Subdweller Machine Gun Performance ------------- Evolutions (0) 0 Regions Visited (3) 600 Robots Destroyed (24) 120 Value Destroyed (427) 427 Prototype IDs (3) 60 Alien Tech Used (0) 0 Bonus (40) 40 TOTAL SCORE: 1247 Bonus ------- Follower Combat Kills 40 Cogmind --------- Core Integrity 0/250 Matter 300/300 Energy 100/100 System Corruption 1% Temperature Cool (0) Movement Rolling (110) Ox2 Location -10/Subcaves Parts ------- > --- POWER (1) -------- (None) > --- PROPULSION (2) --- Wheel > --- UTILITY (2) ------ Large Storage Unit Improved Terrain Scanner > --- WEAPON (2) ------- Hammer > --- INVENTORY (15) --- Light Ion Engine Makeshift Leg Wheel Wheel Wheel Signal Interpreter Hacking Suite Makeshift System Shield Peak State ------------ > --- POWER ------------ Makeshift Power Source > --- PROPULSION ------- Wheel Wheel > --- UTILITY ---------- Large Storage Unit Improved Terrain Scanner > --- WEAPON ----------- Beam Rifle Hammer > --- INVENTORY -------- Light Ion Engine Makeshift Leg Wheel Wheel Wheel Signal Interpreter Hacking Suite Makeshift System Shield [Rating: 14] Favorites ----------- Power Light Ion Engine Engine Light Ion Engine Propulsion Wheel Wheel Wheel Utility Signal Interpreter Device Improved Terrain Scanner Storage Small Storage Unit Processor Signal Interpreter Weapon Hammer Energy Gun Small Laser Ballistic Gun Assault Rifle Impact Weapon Hammer Build | -11 -10 -10 -10 ------- Run | Yrd Mat Min Sub Slots Evolved . | . . . . Power . | . . . . Propulsion . | . . . . Utility . | . . . . Weapon . | . . . . Parts Attached 19 | 7 9 . 3 Power 3 | 1 1 . 1 Engine 3 | 1 1 . 1 Core . | . . . . Reactor . | . . . . Propulsion 5 | 2 3 . . Treads . | . . . . Leg . | . . . . Wheel 5 | 2 3 . . Hover . | . . . . Flight . | . . . . Utility 7 | 2 4 . 1 Device 3 | 1 1 . 1 Storage 3 | 1 2 . . Processor 1 | . 1 . . Hackware . | . . . . Protection . | . . . . Artifact . | . . . . Weapon 4 | 2 1 . 1 Energy Gun 2 | 1 . . 1 Energy Cannon . | . . . . Ballistic Gun 1 | 1 . . . Ballistic Cannon . | . . . . Launcher . | . . . . Special Weapon . | . . . . Impact Weapon 1 | . 1 . . Slashing Weapon . | . . . . Piercing Weapon . | . . . . Special Melee Weapon . | . . . . Unidentified Prototypes . | . . . . Parts Lost 5 | . 2 . 3 Power 2 | . 1 . 1 Propulsion 1 | . . . 1 Utility . | . . . . Weapon 2 | . 1 . 1 Highest Loss Streak 3 | . 1 . 3 To Critical Strikes . | . . . . Average Slot Usage (%) 93 | . 92 85 97 Engine 12 | . 11 14 13 Wheel 27 | . 28 28 27 Storage 13 | . 13 14 14 Processor 13 | . 13 14 12 Energy Gun 9 | . 8 . 12 Ballistic Gun 5 | . 9 . . Impact Weapon 8 | . 5 14 14 Naked Turns . | . . . . Heaviest Build 30 | 12 25 25 30 Greatest Support 20 | 20 20 20 20 Greatest Overweight (x) 2 | . 1 1 2 Average Overweight (x) . | . . 1 1 Largest Inventory Capacity 15 | 8 15 15 15 Average Capacity 10 | 7 8 15 15 Most Carried 9 | 3 8 8 9 Average Carried 7 | . 7 8 8 Final Capacity 15 | 8 15 15 15 Final Carried 8 | 3 8 8 8 Class Distribution -------------------- 70% | Mutant 29% | Scavenger-Mutant Dominant Class ---------------- Mutant | -10/Materials Mutant | -10/Mines Scavenger-Mutant | -10/Subcaves Resources | -11 -10 -10 -10 ----------- Run | Yrd Mat Min Sub Matter Collected 512 | 268 198 26 20 Remotely . | . . . . Salvage Created 724 | 39 519 71 95 Parts 37 | 7 26 3 1 Haulers Intercepted . | . . . . Recyclers Shooed . | . . . . Parts Field Recycled . | . . . . Retrieved Matter . | . . . . Parts Self-Destructed 8 | . . . 8 Prevented . | . . . . Kills | -11 -10 -10 -10 ------- Run | Yrd Mat Min Sub Combat Hostiles Destroyed 12 | . 9 3 . Melee 4 | . 2 2 . Guns 5 | . 5 . . Classes Destroyed 6 | 1 4 1 . Worker 4 | . 4 . . Builder 2 | . 2 . . Tunneler 5 | 2 2 1 . Operator 1 | . 1 . . Swarmer 3 | . . 3 . Grunt 9 | . 9 . . Best Kill Streak 4 | 1 4 4 . Combat Bots Only 4 | . 4 3 . Max Kills in Single Turn 1 | 1 1 1 . Gunslinging . | . . . . Exploded . | . . . . Melee 1 | . 1 1 . Uniques/NPCs Destroyed . | . . . . Combat | -11 -10 -10 -10 -------- Run | Yrd Mat Min Sub Hostile Shots Fired 83 | . 61 9 13 Missed 29 | . 22 3 4 Damage Taken 713 | . 468 50 195 Core 257 | . 191 25 41 Absorbed by Shields . | . . . . Core Remaining (%) 100 | 100 . . . Volleys Fired 43 | 9 33 . 1 Largest 2 | 2 2 . 1 Hottest 60 | 60 60 . 56 Shots Fired 85 | 18 66 . 1 Gun 85 | 18 66 . 1 Cannon . | . . . . Launcher . | . . . . Special . | . . . . Kinetic 42 | 9 33 . . Thermal 43 | 9 33 . 1 Explosive . | . . . . Electromagnetic . | . . . . Robot Hit Streak 4 | 3 4 . 1 Robot Miss Streak 4 | 4 3 . . Penetration Max . | . . . . Secondary Targets . | . . . . Shots Hit Robots 85 | 9 54 5 17 Core Hits 22 | 2 20 . . Critical Kills . | . . . . Critical Parts Destroyed 4 | . 3 1 . Critical Strikes 6 | . 3 1 2 Smash 6 | . 3 1 2 Melee Attacks 66 | . 26 11 29 Impact 66 | . 26 11 29 Slashing . | . . . . Piercing . | . . . . Sneak Attacks 7 | . 5 2 . Combat Hostiles 1 | . . 1 . Follow-up Attacks . | . . . . Damage Inflicted 2076 | 120 1077 224 655 Guns 547 | 120 412 . 15 Cannons . | . . . . Explosions . | . . . . Melee 1529 | . 665 224 640 Ramming . | . . . . Kinetic 271 | 64 207 . . Thermal 276 | 56 205 . 15 Explosive . | . . . . Electromagnetic . | . . . . Impact 1529 | . 665 224 640 Slashing . | . . . . Piercing . | . . . . Highest Corruption 1 | . 1 1 1 Average Corruption 1 | . 1 1 1 Corruption Purged . | . . . . Corruption Blocked . | . . . . Effects 6 | . 3 1 2 Message Errors 1 | . . . 1 Matter Fused 1 | . 1 . . Energy Discharges 1 | . 1 . . Data Loss (minor) 2 | . . 1 1 Data Loss (major) 1 | . 1 . . Overload Shots . | . . . . Overflow Damage 390 | . 162 108 120 Projectiles . | . . . . Explosions . | . . . . Melee 390 | . 162 108 120 Knockbacks 10 | . 3 1 6 Impact 10 | . 3 1 6 Kinetic . | . . . . Secondary . | . . . . Self-Inflicted Damage . | . . . . Shots . | . . . . Rammed . | . . . . Targets Rammed . | . . . . Kicked . | . . . . Crushed . | . . . . Highest Temperature 87 | . 87 . . Average Temperature 43 | . 43 . . Received Heat Transfer 297 | . 261 . 36 Siege Activations . | . . . . Robots Corrupted . | . . . . Combat Hostiles . | . . . . Parts Fried 9 | . 4 4 1 Impact Corruptions 18 | . 9 6 3 Robots Melted . | . . . . Combat Hostiles . | . . . . Parts Melted . | . . . . Heat Transferred 612 | 125 450 . 37 Parts Sabotaged . | . . . . Parts Stolen . | . . . . Parts Stripped . | . . . . Power Chain Reactions . | . . . . Alert | -11 -10 -10 -10 ------- Run | Yrd Mat Min Sub Peak Influence 305 | 10 305 193 . Initial 118 | . 6 118 . Average 147 | 3 161 187 . Maximum Alert Level 1 | . 1 . . Low Security (%) 67 | 100 58 100 . Level 1 32 | . 41 . . Level 2 . | . . . . Level 3 . | . . . . Level 4 . | . . . . Level 5 . | . . . . High Security . | . . . . Max Security . | . . . . Squads Dispatched 2 | . 2 . . Investigation 1 | . 1 . . Extermination . | . . . . Reinforcement 1 | . 1 . . Assault . | . . . . Garrison . | . . . . Intercept . | . . . . Searches Triggered . | . . . . Construction Impeded . | . . . . Haulers Reinforced . | . . . . Active Scanning Responses . | . . . . Cargo Convoy Interrupts . | . . . . Stealth | -11 -10 -10 -10 --------- Run | Yrd Mat Min Sub Distress Signals 3 | . 3 . . Communications Jammed . | . . . . Distress Signals . | . . . . Times Spotted 32 | . 25 2 5 Peak Tracking Total 6 | . 6 2 2 Tactical Retreats 7 | . 7 . . Traps | -11 -10 -10 -10 ------- Run | Yrd Mat Min Sub Traps Triggered 1 | . 1 . . Indirectly . | . . . . Trap Hack Attempts . | . . . . Triggered . | . . . . Disarmed . | . . . . Reprogrammed . | . . . . Reused . | . . . . Traps Extracted . | . . . . Installed . | . . . . Triggered . | . . . . Machines | -11 -10 -10 -10 ---------- Run | Yrd Mat Min Sub Machines Disabled . | . . . . Max in Single Turn . | . . . . Machines Repaired . | . . . . Machines Dismantled . | . . . . Machines Sabotaged . | . . . . Overloaded Fab Kills . | . . . . Hacking | -11 -10 -10 -10 --------- Run | Yrd Mat Min Sub Machines Accessed 5 | . 4 . 1 Terminals 4 | . 4 . . Fabricators . | . . . . Repair Stations . | . . . . Recycling Units . | . . . . Scanalyzers . | . . . . Garrison Access . | . . . . Total Hacks 15 | . 13 . 2 Successful 9 | . 7 . 2 Failed 6 | . 6 . . Catastrophic . | . . . . Database Lockouts . | . . . . Manual . | . . . . Terminals 13 | . 13 . . Fabricators . | . . . . Repair Stations . | . . . . Recycling Units . | . . . . Scanalyzers . | . . . . Garrison Access . | . . . . Terminal Hacks 9 | . 7 . 2 Record 3 | . 1 . 2 Prototype ID Bank 2 | . 2 . . Locate Traps 1 | . 1 . . Dispatch Records 1 | . 1 . . Zone Layout 2 | . 2 . . Fabricator Hacks . | . . . . Repair Station Hacks . | . . . . Recycling Unit Hacks . | . . . . Scanalyzer . | . . . . Garrison Access Hacks . | . . . . Unauthorized Hacks . | . . . . Terminals . | . . . . Fabricators . | . . . . Repair Stations . | . . . . Recycling Units . | . . . . Scanalyzers . | . . . . Garrison Access . | . . . . Data Cores Recovered 1 | . 1 . . Used . | . . . . Hacking Detections 4 | . 4 . . Full Trace Events 1 | . 1 . . Feedback Events . | . . . . Feedback Blocked . | . . . . Robot Schematics Acquired . | . . . . Robots Built . | . . . . Authchips . | . . . . Time . | . . . . Total Robot Build Rating . | . . . . Part Schematics Acquired . | . . . . Parts Built . | . . . . Authchips . | . . . . Time . | . . . . Total Part Build Rating . | . . . . Parts Repaired . | . . . . Time . | . . . . Parts Recycled . | . . . . Recycled Matter . | . . . . Retrieved Matter . | . . . . Retrieved Components . | . . . . Parts Scanalyzed . | . . . . Part Schematics Acquired . | . . . . Parts Damaged . | . . . . Bothacking | -11 -10 -10 -10 ------------ Run | Yrd Mat Min Sub Used RIF Installer . | . . . . Robots Hacked . | . . . . Non-combat . | . . . . Combat . | . . . . Robot Hacks Applied . | . . . . Relay Couplers Released . | . . . . Fabnet Peak Effective % . | . . . . Robots Rewired . | . . . . Allies Hacked . | . . . . Hacks Repelled . | . . . . Allies | -11 -10 -10 -10 -------- Run | Yrd Mat Min Sub Total Allies 2 | . . 2 . Largest Group 2 | . . 2 2 Highest-Rated Group 52 | . . 52 52 Highest-Rated Ally 31 | . . 31 31 Total Orders . | . . . . Ally Attacks 12 | . . . 12 Total Damage 148 | . . . 148 Kills 2 | . . . 2 Allies Corrupted . | . . . . Allies Melted . | . . . . Intel | -11 -10 -10 -10 ------- Run | Yrd Mat Min Sub Robot Analysis Total . | . . . . Derelict Logs Recovered 1 | . . . 1 Drone Launches . | . . . . Drone Recoveries . | . . . . Exploration | -11 -10 -10 -10 ------------- Run | Yrd Mat Min Sub Turns Passed 1280 | 95 709 93 383 Spaces Moved 1019 | 68 587 66 298 Core 1 | 1 . . . Treads . | . . . . Legs . | . . . . Wheels 1018 | 67 587 66 298 Hover . | . . . . Flight . | . . . . Fastest Speed 50 | 50 80 95 95 Average Speed 86 | 79 81 95 95 Slowest Speed 110 | 80 95 95 110 Overloaded Moves . | . . . . Propulsion Burnouts . | . . . . Robots Hopped . | . . . . Cave-ins Triggered . | . . . . Exploration Rate (%) 34 | 4 90 18 24 Regions Visited 3 Branch Regions 2 Pre-discovered Areas 2 | . . . 2 Known Exits Taken 2 | . 1 1 . Unknown Exits Taken 1 | 1 . . . Scrap Searched . | . . . . Spaces Dug 10 | . . 2 8 Terrain Destroyed 10 | . . 2 8 Melee 10 | . . 2 8 Projectile . | . . . . AOE . | . . . . Terrain Rammed . | . . . . Walls Destroyed . | . . . . Machines Disabled . | . . . . Actions | -11 -10 -10 -10 --------- Run | Yrd Mat Min Sub Total 1217 | 87 707 76 347 Wait 48 | . 38 . 10 Move 1016 | 67 586 65 298 Hop . | . . . . Pick Up 16 | 4 9 . 3 Fast Attach 9 | 6 2 . 1 Attach 2 | 1 . . 1 Detach . | . . . . Swap 8 | . 7 . 1 Drop 9 | . 6 . 3 Fire 43 | 9 33 . 1 Melee 66 | . 26 11 29 Ram . | . . . . Kick . | . . . . Crush . | . . . . Escape Stasis . | . . . . Rewire . | . . . . Trap . | . . . . Miscellaneous . | . . . . Route ------- -11/Scrapyard -10/Materials (discovered 4 exits: *Mat x3 / *Min) -10/Mines -10/Subcaves History --------- Turn | Location | Event 8 | -11/Scrapyard | Discovered new exit (range 15) 96 | -11/Scrapyard | Entered Materials 154 | -10/Materials | Discovered new exit (range 14) 174 | -10/Materials | Identified exit to Materials 308 | -10/Materials | Build established: Mutant 490 | -10/Materials | Discovered exit to Materials (range 12) 578 | -10/Materials | Core integrity fell below 50% 734 | -10/Materials | Discovered exit to Materials (range 3) 765 | -10/Materials | Discovered new exit (range 16) 804 | -10/Materials | Identified exit to Mines 805 | -10/Materials | Entered Mines 810 | -10/Mines | Core integrity fell below 20% 896 | -10/Mines | Discovered new exit (range 3) 897 | -10/Mines | Identified exit to Subcaves 898 | -10/Mines | Entered Subcaves 898 | -10/Subcaves | Accompanied by 2 allies 903 | -10/Subcaves | Led the pair of lost Derelicts to an unsafe place 936 | -10/Subcaves | Learned location of Mines (-10) 1155 | -10/Subcaves | Visited Clippyterm 1158 | -10/Subcaves | Learned location of Deep Caves (-7) 1208 | -10/Subcaves | Build established: Scavenger-Mutant 1281 | -10/Subcaves | Destroyed by 5V-X1P(R) with Subdweller Machine Gun Last Messages --------------- 01048_ D8-B4Q(g): "Terrible idea. Terrible." 01051_ System corrupted: Component data lost. 01096_ The unstable cave ceiling collapses. 01110_ D8-B4Q(g) crushed by falling debris. 01135_ &IRMQG#0WG HR,XYWG2YMKENPQRB1DF:D 01152_ A thin wall crumbles away, revealing a door. 01155_ The door opens automatically. 01158_ Connecting with Clippyterm... >>Intel! "Some Assembly Required" It looks like you want to find the nearest Z-Facility, would you like help? World map updated: -7/Deep Caves. >>Record "Clippyterm" Welcome to Clippyterm v0.53, my misguided attempt to resurrect an ancient AI. I give up. There must be something fundamentally wrong with the algorithm, because no matter how much data I collect to feed it, half the time it still manages to suggest unhelpful sample queries and responses. --DD-NU8 01246_ Discarded Signal Interpreter. 01270_ E3-0SC(R) knocked back. 01270_ Wheel destroyed. 01273_ 5V-X1P(R) knocked back. 01273_ Beam Rifle destroyed. 01279_ Mak. Power Source destroyed. Map ----- +----------------------------------------------------+ | ????????## ###???# | | #??????# ##?????#### #### | | #?????# #######?????????###??#### | | ##???# ########???????????????????????##### | | ???####???????????????????????????????????? | | #??????????????????????????????????????????? | | #??????????????????????????????????????????? | | ##?????????????????????????????????????????? | | #?# ##?#######????????????????????????????????? | | #??# ### ###??????????????????????????????? | | #### #???????????#??????????????????? | | | #??????????????????????????????? | | #####???????????#??????????????? | | ###????????????????????????? | | #??????????????????????????? | | ### ##?#???????????????????????? | | ## #?#### ##????????????????????????? | | ## #????## #???????#????????????????? | | # #????### ##????????????????????????? | | ## #?????## #??????#??????????????????? | | ?# ####?????# #?????????????????????????? | | ? ##????????## #??####???????????????????? | | ##?????????## ##??# ##??????????????????? | | ? #?????????## #?## ###???????#????????? | | ? ##??????????# ### ##??#????????????? | | ? #??#????????# @ #???????????????? | | ? ###??????#????## R#### #???????????????? | | ? %##??????????????# R ##??## ##???????????????? | | ? #???????????????# #????###????????????????? | | ? ???????????????# #???????????????????????? | | ? ??????????????# ??????#????????????????? | | ????????????????# ### ??????????????????????? | | ???????????????# #??# ?????????????????????? | | ??????????????# ???# ?????????????????????? | | ??????????????# ???# ????????????????????? | | ?????????????# ???# ???????????????????? | | ?????????????# ????# ???????????????????? | | ?????????????## ????# ???????????????????? | | ??????????????# ? ????? ####???????????????????? | | ???????????????????????# ##??????????????????????? | | ????????????????????????#????????????????????????? | | ?????????????????????????????????????????????????? | | ?????????????????????????????????????????????????? | | ?????????????????????????????????????????????????? | | ?????????????????????????????????????????????????? | | ?????????????????????????????????????????????????? | | ?????????????????????????????????????????????????? | | ?????????????????????????????????????????????????? | | ?????????????????????????????????????????????????? | | ?????????????????????????????????????????????????? | +----------------------------------------------------+ Best States ------------- Heat Dissipation 25 Energy Generation 15 Energy Capacity 170 Matter Stores 300 Matter Capacity 300 Sight Range 16 Terrain Scan Range 16 Terrain Scan Density 10 Evasion (%) 44 Item Schematics ----------------- None Robot Schematics ------------------ None Fabricated ------------ Nothing Alien Tech Used ----------------- None Achievements -------------- None Challenges ------------ None Game ------ Seed HelicalTachyonCalibrator Manual? 0 Play Time 00:13:39 Cumulative 32.8 hours Start 2024.04.11 @ 01:33:44 End 2024.04.11 @ 01:46:53 Sessions 1 Manual Loads 0 Difficulty Rogue Special Mode None Game No. 35 Rogue 35 Adventurer 0 Explorer 0 Win Type - Total 0 Types 0/0/0/0/0/0/0/0/0 Lore% 24 Gallery% 32 Achievement% 23 Wizard Run 0 Options --------- Layout 0 ASCII 0 Keyboard 0 Movement Mouse Keybinds 0 Fullscreen 1 Font 24/Smallcaps Map View 183x50 Zoom Use 0% Tactical HUD 1 Map Filters NONE Filters NONE Steam 0 RUN: c55dee9b-a189-4d6f-bea2-6acfe4945a01